 Dungeon Crawl Stone Soup version 0.31.0-10-gcf4a605ca0 (webtiles) character file.

Game seed: 5562768109997003607

4223 Curundu the Basher (level 10, -3/90 HPs)
             Began as a Minotaur Berserker on Jan 25, 2024.
             Was a Priest of Trog.
             Killed from afar by an electric eel (12 damage)
             ... with a bolt of electricity
             ... on level 7 of the Dungeon.
             The game lasted 00:25:13 (7928 turns).

Curundu the Basher (Minotaur Berserker)             Turns: 7928, Time: 00:25:13

Health: -3/90      AC: 13    Str: 26    XL:     10   Next: 9%
Magic:  9/9        EV: 18    Int:  4    God:    Trog [***...]
Gold:   1528       SH:  0    Dex: 14    Spells: 9/9 levels left

rFire   . . .        t - +7 whip of Midnight {heavy, Dex+2}
rCold   . . .        (no shield)
rNeg    . . .        u - +4 scale mail of Whack-A-Mole {Dex+2}
rPois   .            (helmet restricted)
rElec   .            (no cloak)
rCorr   .            f - +1 pair of gloves
SInv    .            (no boots)
Will    .....        (no amulet)
Stlth   +            x - +5 ring of evasion
HPRegen 0.35/turn    (no ring)
MPRegen 0.11/turn

%: no passive effects
@: no status effects
A: horns 2, retaliatory headbutt
a: Renounce Religion, Berserk, Trog's Hand


You were on level 7 of the Dungeon.
You worshipped Trog.
Trog was most pleased with you.
You visited 1 branch of the dungeon, and saw 7 of its levels.

You collected 1528 gold pieces.

Inventory:

Hand Weapons
 t - the +7 whip of Midnight (weapon) {heavy, Dex+2}
   (You took it off an orc on level 4 of the Dungeon)

   Dex+2:     It affects your dexterity (+2).
 B - a +3 hand axe
Missiles
 A - a throwing net (quivered)
Armour
 f - a +1 pair of gloves (worn)
 u - the +4 scale mail of Whack-A-Mole (worn) {Dex+2}
   (You took it off an orc on level 4 of the Dungeon)

   Dex+2:     It affects your dexterity (+2).
Jewellery
 q - a ring of protection from cold
 x - a +5 ring of evasion (left hand)
 y - a ring of protection from fire
Wands
 d - a wand of mindburst (15)
 i - a wand of charming (22)
 w - a wand of acid (6)
Scrolls
 c - 2 scrolls of fog
 g - 4 scrolls of identify
 l - a scroll of teleportation
 s - a scroll of fear
 z - 3 scrolls of poison
Potions
 e - a potion of berserk rage
 h - a potion of enlightenment
 j - a potion of mutation
 m - 3 potions of ambrosia
 n - a potion of invisibility
 o - a potion of brilliance {unknown}
 p - 5 potions of heal wounds
 r - a potion of haste {unknown}
 v - a potion of magic {unknown}


   Skills:
 + Level 8.6 Fighting
 + Level 8.6(10.4) Axes
 + Level 9.0(10.5) Maces & Flails
 + Level 6.0 Armour
 + Level 7.1 Dodging
 + Level 2.9 Stealth


You had 9 spell levels left.
You didn't know any spells.
Your spell library was empty.

Dungeon Overview and Level Annotations

Branches:
Dungeon (7/15)             Temple (0/1) D:6

Altars:
Makhleb

Shops:
D:7 [


Innate Abilities, Weirdness & Mutations

You have a pair of horns on your head.
You reflexively headbutt those who attack you in melee.


Message History

a +0 dagger; a +0 leather armour You enter the shallow water.
Moving in this stuff is going to be slow.
You enter the shallow water.
Moving in this stuff is going to be slow.
You see here a +0 hand axe.
You see here a +0 mace.
Items here: )) [[.
You enter the shallow water.
Moving in this stuff is going to be slow.
Found an escape hatch in the floor.
An electric eel comes into view.
The electric eel shoots out a bolt of lightning at you!
The bolt of electricity hits you.
The electric eel shoots out a bolt of lightning at you!
The bolt of electricity hits you.
An electric eel comes into view.
You start resting.
An electric eel is nearby!
An electric eel is nearby!
An electric eel is nearby!
The electric eel shoots out a bolt of lightning at you!
The bolt of electricity hits you! x2
The electric eel shoots out a bolt of lightning at you!
The bolt of electricity hits you! x2
The electric eel shoots out a bolt of lightning at you!
The bolt of electricity misses the electric eel.
The bolt of electricity hits you!
The electric eel shoots out a bolt of lightning at you!
The bolt of electricity hits you!
* * * LOW HITPOINT WARNING * * *
The electric eel shoots out a bolt of lightning at you!
The bolt of electricity hits you!
* * * LOW HITPOINT WARNING * * *
Blink to where?
Press: ? - help, Dir - move target
As you read the scroll of blinking, it crumbles to dust.
The electric eel shoots out a bolt of lightning at you!
The bolt of electricity hits you!
You die...

#. ~~~~~. ♣#. .#
~~~~~~~ ♣.. .# ~~~~~~.
♣.. #.# ~~≈~~♣. ♣.. ..
~~≈≈~~~.. ♣..
#.♣~≈≈≈~~~.. #..
#..♣~~≈~~~.. ##.
##..~~≈~~... #.
####.@#~~~~P~...♣ ##
#.....#♣~~~~~...# #
####...♣S~~~♣...######
##..§♣~~~♣..##PP.~†
#...S~~~~# .#~~P.†
##...♣~~###..~~~~P
#....~####.#.~~~♣
##......#....PP~~
#..###.......#P..


You could see an electric eel.

Vanquished Creatures
  The ghost of freelancePsychic the Trooper, a novice DjFE (D:5)
  Maurice (D:7)
  Prince Ribbit (D:6)
  Sigmund (D:4)
  A wyvern (D:4)
  A water moccasin (D:6)
  A sky beast (D:7)
  3 black bears
  3 ice beasts (D:6)
  2 orc warriors (D:7)
  An ogre (D:4)
  2 centaurs (D:6)
  A phantom (D:5)
  A kobold brigand (D:5)
  3 bullfrogs
  3 scorpions
  4 wights (D:7)
  3 killer bees (D:4)
  6 electric eels (D:7)
  2 howler monkeys (D:7)
  3 hounds (D:5)
  A jelly (D:4)
  An orc priest (D:4)
  A sleepcap (D:4)
  Jessica (D:2)
  5 iguanas
  5 orc wizards
  The ghost of mdonais the Sneak, a weakling FoDe (D:4)
  5 adders
  3 ribbon worms
  A dart slug (D:3)
  15 orcs
  5 ball pythons
  4 bats (D:1)
  8 endoplasms
  4 giant cockroaches
  12 goblins
  2 hobgoblins
  5 jackals
  17 kobolds
  4 quokkas
  3 frilled lizards
  6 rats
153 creatures vanquished.

Notes
Turn   | Place    | Note
-------+----------+-------------------------------------------
     0 | D:1      | Curundu the Minotaur Berserker began the quest for the Orb.
     0 | D:1      | Reached XP level 1. HP: 19/19 MP: 0/0
   131 | D:1      | Reached XP level 2. HP: 19/27 MP: 1/1
   726 | D:1      | Reached ** piety under Trog
   727 | D:1      | Reached XP level 3. HP: 27/33 MP: 2/2
  1357 | D:2      | Noticed Jessica
  1364 | D:2      | Killed Jessica
  1454 | D:2      | Reached XP level 4. HP: 40/41 MP: 3/3
  1629 | D:2      | Found a faded altar of an unknown god.
  2594 | D:3      | Reached skill level 5 in Axes
  2915 | D:3      | Identified a scroll of acquirement
  2915 | D:3      | Acquired 1132 gold pieces
  2982 | D:4      | Reached XP level 5. HP: 27/47 MP: 4/4
  3132 | D:4      | Noticed a wyvern
  3143 | D:4      | HP: 2/47 [wyvern (18)]
  3144 | D:4      | Killed a wyvern
  3145 | D:4      | Reached skill level 5 in Fighting
  3145 | D:4      | Reached skill level 1 in Stealth
  3145 | D:4      | Reached XP level 6. HP: 6/56 MP: 5/5
  3461 | D:4      | Found a runed translucent gate.
  3464 | D:4      | Noticed mdonais's ghost (weakling FoDe)
  3468 | D:4      | Found a runed translucent gate.
  3471 | D:4      | Identified the +7 whip of Midnight {heavy, Dex+2}
  3471 | D:4      | Identified the +4 scale mail of Whack-A-Mole {Dex+2}
  3502 | D:4      | Noticed Sigmund
  3512 | D:4      | Killed Sigmund
  3513 | D:4      | Reached XP level 7. HP: 59/61 MP: 6/6
  3581 | D:4      | Found a runed translucent gate.
  3605 | D:4      | Reached skill level 5 in Dodging
  4026 | D:4      | Killed mdonais's ghost
  4241 | D:5      | Entered Level 5 of the Dungeon
  4263 | D:5      | Found a runed translucent gate.
  4263 | D:5      | Found a runed translucent gate.
  4263 | D:5      | Found a runed translucent gate.
  4265 | D:5      | Noticed freelancePsychic's ghost (novice DjFE)
  4454 | D:5      | Reached XP level 8. HP: 64/70 MP: 7/7
  4492 | D:5      | Reached skill level 1 in Maces & Flails
  4705 | D:5      | Reached *** piety under Trog
  4819 | D:5      | Reached skill level 2 in Maces & Flails
  4833 | D:5      | Killed freelancePsychic's ghost
  4833 | D:5      | HP: 1/71 [poisoned by freelancePsychic's ghost]
  4834 | D:5      | Reached skill level 4 in Maces & Flails
  5269 | D:6      | Reached skill level 5 in Maces & Flails
  5269 | D:6      | Reached XP level 9. HP: 70/79 MP: 8/8
  5427 | D:6      | Found a burning altar of Makhleb.
  5431 | D:6      | Noticed Prince Ribbit
  5435 | D:6      | Identified the +2 robe of Uclopn {Will- Str-2 Int+3 Dex+4}
  5444 | D:6      | Reached skill level 6 in Maces & Flails
  5451 | D:6      | Killed Prince Ribbit
  5637 | D:6      | Found a staircase to the Ecumenical Temple.
  5674 | D:6      | Reached skill level 7 in Maces & Flails
  6059 | D:7      | Found Heschompe's Antique Armour Emporium.
  6148 | D:7      | Reached skill level 5 in Armour
  6159 | D:7      | Reached skill level 8 in Maces & Flails
  6756 | D:7      | Noticed Maurice
  6761 | D:7      | Maurice stole 558 gold
  6769 | D:7      | Maurice stole a ring of protection from cold
  6775 | D:7      | Killed Maurice
  6776 | D:7      | Reached XP level 10. HP: 90/90 MP: 7/9
  7378 | D:7      | Reached skill level 9 in Maces & Flails
  7928 | D:7      | Killed from afar by an electric eel

Illustrated notes

Levels and vault maps discovered:
D:1:      minmay_arrival_jagged, layout_basic
D:2:      layout_loops_cross, chequers_ecumenical_altar_simple, uniq_jessica
D:3:      layout_loops_corners
D:4:      layout_loops_cross, biasface_ghost_orc_armoury, due_unseen_surprise,
          uniq_sigmund
D:5:      layout_rooms, serial_curves, eino_curves_02, eino_curves_01,
          gammafunk_ghost_nasty_kobolds, columned_hall_lemuel
D:6:      layout_basic, bloody_makhleb, minmay_temple_entry_enclosed_plants,
          minmay_misc_feat_encased, uniq_prince_ribbit1
D:7:      layout_layer_cave, serial_shops, nicolae_shop_rolling_square,
          serial_bayou, serial_bayou_lagoon_b, serial_bayou_lagoon_a,
          serial_bayou_lake_a, serial_bayou_ford_a, uniq_maurice

Skill      XL: |  1  2  3  4  5  6  7  8  9 10 |
---------------+-------------------------------+-----
Axes           | 4 5 6 7 8 |  8.6
Fighting       | 4 5 6 7 8 |  8.6
Dodging        | 3 4 5 6 7 |  7.1
Stealth        | 1 2 |  2.9
Maces & Flails | 5 8 9 |  9.0
Armour         | 4 5 6 |  6.0

Action                     |  1- 3 |  4- 6 |  7- 9 | 10-12 || total
---------------------------+-------+-------+-------+-------++-------
  Melee: Hand axe          |    72 |    96 |    48 |       ||   216
         Headbutt          |    10 |    14 |    34 |     3 ||    61
         Punch             |     1 |     1 |     2 |       ||     4
         Whip              |       |       |   152 |    21 ||   173
 Invoke: Trog's Hand       |       |     2 |     6 |       ||     8
         Berserk           |       |     1 |     2 |       ||     3
    Use: Scroll            |     1 |    10 |     5 |     2 ||    18
         Potion            |       |       |     1 |       ||     1
   Stab: Sleeping          |       |     1 |       |       ||     1
 Armour: Animal skin       |    42 |    54 |    27 |       ||   123
         Scale mail        |       |       |   132 |    45 ||   177
  Dodge: Dodged            |    57 |    68 |   161 |    14 ||   300
